 Dungeon Crawl Stone Soup version 0.30-a0-913-g9934a0ce24 (webtiles) character file.

Game seed: 14617753628500616649

34 LobsterGuardian the Grave Robber (level 3, -2/24 HPs)
             Began as a Demonspawn Necromancer on Mar 19, 2023.
             Slain by a gnoll
             ... wielding a +2 spear of flaming
              (3 damage)
             ... on level 1 of the Dungeon.
             The game lasted 00:05:43 (1446 turns).

LobsterGuardian the Grave Robber (DsNe)             Turns: 1446, Time: 00:05:43

Health: -2/24      AC:  2    Str:  8    XL:     3   Next: 14%
Magic:  6/7        EV: 12    Int: 18    God:
Gold:   65         SH:  0    Dex: 13    Spells: 3/7 levels left

rFire   . . .      SeeInvis .    c - +0 dagger
rCold   . . .      Faith    .    (no shield)
rNeg    . . .      Spirit   .    a - +0 robe
rPois   .          Reflect  .    (no helmet)
rElec   .          Rampage  .    (no cloak)
rCorr   .                        (no gloves)
Will    .....                    (no boots)
Stlth   ++                       (no amulet)
HPRegen 0.24/turn                (no ring)
MPRegen 0.10/turn                (no ring)

@: hasted, very quick
A: demonic magic 1, weakness stinger 1
a: no special abilities


You were on level 1 of the Dungeon.
You visited 1 branch of the dungeon, and saw 2 of its levels.

You collected 65 gold pieces.

Inventory:

Hand Weapons
 c - a +0 dagger (weapon)
Armour
 a - a +0 robe (worn)
Scrolls
 d - 4 scrolls of immolation
 f - a scroll of enchant weapon
 g - 2 scrolls of amnesia
Potions
 b - a potion of magic
 e - a potion of invisibility {unknown}
 h - a potion of curing {unknown}
 i - a potion of haste
 j - a potion of brilliance {unknown}


   Skills:
 + Level 2.0 Dodging
 + Level 1.8 Stealth
 * Level 2.6 Spellcasting
 + Level 5.0 Necromancy


You had 3 spell levels left.
You knew the following spells:

 Your Spells              Type           Power      Damage    Failure   Level
a - Necrotise             Necr           80%        1d8       2%          1
b - Vampiric Draining     Necr           20%        2d7       6%          3

Your spell library contained the following spells:

 Spells                   Type           Power      Damage    Failure   Level
 Animate Dead             Necr           20%        N/A       22%         4
 Agony                    Necr           20%        N/A       52%         5


Dungeon Overview and Level Annotations

Branches:
Dungeon (2/15)

Altars:


Innate Abilities, Weirdness & Mutations

Spells you cast may paralyse adjacent enemies.
You have a small tail.


Message History

A gnoll is nearby!
A gnoll comes into view. It is wielding a +0 halberd.
You can't see any susceptible monsters within range! (Use Z to cast anyway.)
You see here a +1 hand axe of venom.
There is a stone staircase leading up here.
You climb upwards.
There is a stone staircase leading down here.
Done exploring.
You climb downwards.
There is a stone staircase leading up here.
The gnoll hits you from afar with a +2 spear of flaming.
The gnoll burns you.
There is a stone staircase leading up here.
Found a mace.
The gnoll closely misses you.
The gnoll hits you with a +2 spear of flaming.
The gnoll burns you.
There is a stone staircase leading up, spattered with blood here.
The gnoll misses you.
You climb upwards.
There is a stone staircase leading down here.
Unknown command.
The gnoll hits you from afar with a +2 spear of flaming.
The gnoll burns you.
You are too injured to fight recklessly!
Casting: Necrotise (safe; 2% risk of failure)
Confirm with . or Enter, or press ? or * to list all spells.
Aiming: Necrotise (safe; 2% risk of failure)
Press: ? - help, Shift-Dir - straight line, f - gnoll
Aim: a gnoll, wielding a +2 spear of flaming (chance to affect: 84%)
The gnoll writhes in agony.
Malevolent energies surge around you.
The gnoll hits you from afar with a +2 spear of flaming.
* * * LOW HITPOINT WARNING * * *
The gnoll burns you.
* * * LOW HITPOINT WARNING * * *
It was a potion of haste.
You feel yourself speed up.
The gnoll hits you from afar with a +2 spear of flaming.
* * * LOW HITPOINT WARNING * * *
The gnoll burns you.
You die...

...............................#
......^..........#....####.....#
.######...####.#......# #.....#
.# #........###..#.# ####### ##
#...########.#.##### #...#
#.......>.# ###...###
#g#..#.##.# #####.......#
#.#..#.##.# ## .........##.#
#@#.....#.#######. ##.......##.#
#.##.#............ #........##.#
#......##.#######. .........##.#
####......# ##
#.........#.#####.########
#..................#
.........##.#####.##
.........###.# #.#
##..#.##)##.## #.#


You could see a gnoll.

Vanquished Creatures
  A worm (D:2)
  A ball python (D:1)
  3 bats
  2 endoplasms
  A giant cockroach (D:2)
  4 goblins
  4 hobgoblins
  2 jackals (D:2)
  A quokka (D:1)
  2 frilled lizards
  2 kobolds (D:1)
  5 rats
28 creatures vanquished.

Vanquished Creatures (collateral kills)
  A rat (D:1)
1 creature vanquished.

Grand Total: 29 creatures vanquished

Notes
Turn   | Place    | Note
-------+----------+-------------------------------------------
     0 | D:1      | LobsterGuardian the Demonspawn Necromancer began the quest
                  | for the Orb.
     0 | D:1      | Reached XP level 1. HP: 13/13 MP: 3/3
   257 | D:1      | Discovered your monstrous ancestry.
   257 | D:1      | Gained mutation: You have a small tail. [demonic ancestry]
   257 | D:1      | Reached XP level 2. HP: 15/19 MP: 0/5
  1202 | D:2      | Gained mutation: Spells you cast may paralyse adjacent
                  | enemies. [demonic ancestry]
  1202 | D:2      | Reached XP level 3. HP: 20/24 MP: 0/6
  1206 | D:2      | Learned a level 3 spell: Vampiric Draining
  1380 | D:2      | Reached skill level 5 in Necromancy
  1446 | D:1      | HP: 1/24 [gnoll/+2 spear of flaming (5)]
  1446 | D:1      | Slain by a gnoll

Illustrated notes

Levels and vault maps discovered:
D:1:      sevenhm_arrival_forest_fort_small_3, layout_loops_cross
D:2:      layout_basic

Skill      XL: |  1  2  3 |
---------------+----------+-----
Dodging        | 2 |  2.0
Necromancy     | 5 |  5.0
Stealth        | |  1.8
Spellcasting   | |  2.6

Action                     || total
---------------------------++-------
  Melee: Unarmed           ||    16
         Dagger            ||    12
         Tailslap          ||     3
   Cast: Necrotise         ||    41
    Use: Scroll            ||     5
         Potion            ||     1
   Stab: Sleeping          ||     4
         Paralysed         ||     1
 Armour: Robe              ||     7
  Dodge: Dodged            ||    20

Table legend: (Time is in decaauts)
 A = Elapsed time spent in this place.
 B = Non-inter-level travel time spent in this place.
 C = Inter-level travel time spent in this place.
 D = Time resting spent in this place.
 E = Time spent auto-exploring this place.
 F = Levels seen in this place.
 G = Mean time per level.
                   A        B        C        D        E       F      G
               +--------+--------+--------+--------+--------+-----+--------+
         Total |   1446 |   1330 |    116 |      0 |   1081 |   2 |  723.0 |
       Dungeon |   1446 |   1330 |    116 |      0 |   1081 |   2 |  723.0 |
               +--------+--------+--------+--------+--------+-----+--------+

Top non-repeatable levels by time:
     D:1: 1010 daAuts
     D:2: 436 daAuts
